 Dungeon Crawl Stone Soup version 0.30-a0-711-gf4ac18a38d (webtiles) character file.

Game seed: 17698978155004316463

58 demibob the Shield-Bearer (level 4, -2/36 HPs)
             Began as a Barachi Fighter on Jan 22, 2023.
             Slain by a gnoll
             ... wielding a +1 vampiric spear
             ... led by a gnoll sergeant
              (8 damage)
             ... on level 5 of the Dungeon.
             The game lasted 00:03:01 (1371 turns).

demibob the Shield-Bearer (Barachi Fighter)         Turns: 1371, Time: 00:03:01

Health: -2/36      AC:  9    Str: 20    XL:     4   Next: 1%
Magic:  4/4        EV:  9    Int:  8    God:
Gold:   142        SH:  4    Dex: 11    Spells: 3/3 levels left

rFire   . . .      SeeInvis .    a - +0 long sword
rCold   . . .      Faith    .    c - +0 buckler
rNeg    . . .      Spirit   .    b - +0 scale mail
rPois   .          Reflect  .    e - +0 helmet
rElec   .          Harm     .    n - +0 cloak
rCorr   .          Rampage  .    (no gloves)
Will    .....                    (no boots) Stlth
                                 (no amulet)
HPRegen 0.26/turn                (no ring)
MPRegen 0.09/turn                (no ring)

@: mighty, slow
A: amphibious, slowness 1, strong legs 1, +LOS
a: Hop


You were on level 5 of the Dungeon.
You visited 1 branch of the dungeon, and saw 4 of its levels.

You collected 142 gold pieces.


Innate Abilities, Weirdness & Mutations

You are amphibious.
You cover ground slowly.
You can hop short distances.
You have an extended range of vision and can be seen from far away.


   Skills:
 - Level 3.6 Fighting
 + Level 4.0 Long Blades
 - Level 3.6 Armour
 + Level 4.3 Shields


You had 3 spell levels left.
You didn't know any spells.
Your spell library contained the following spells:

 Spells                   Type           Power      Damage    Failure   Level
 Ensorcelled Hibernation  Hex/Ice        0%         N/A       94%         2
 Passwall                 Tmut/Erth      0%         N/A       94%         2
 Swiftness                Air            0%         N/A       99%         3

Inventory:

Hand Weapons
 a - a +0 long sword (weapon)
Armour
 b - a +0 scale mail (worn)
 c - a +0 buckler (worn)
 e - a +0 helmet (worn)
 n - a +0 cloak (worn)
Potions
 d - a potion of might
 f - a potion of berserk rage {unknown}
 g - 3 potions of haste {unknown}
 j - a potion of heal wounds {unknown}
 m - a potion of resistance {unknown}
 o - a potion of flight {unknown}

Dungeon Overview and Level Annotations

Branches:
Dungeon (3/15)

Altars:

...# .## ...<.
#..###..# #...
...##.##..##
..###..#......#
#.............##
#.#........#
#.#.#......#
###gg...#....#
####@§gg..##
#....
#####.§§§##..##
...
.#.....§§§###..#
.. .........##
##.# ...##....#
.# ## #....# .#
#....# .. #....#
. #....#


You could see a gnoll sergeant and a gnoll.


Message History

Found a stone staircase leading down.
The gnoll hits you but does no damage. The gnoll closely misses you.
You barely miss the gnoll. The gnoll hits you with a +0 halberd.
The gnoll hits you from afar with a +1 vampiric spear.
You barely miss the gnoll.
The gnoll hits you from afar with a +1 vampiric spear.
The gnoll hits you with a +0 halberd!
* * * LOW HITPOINT WARNING * * *
The gnoll sergeant hits you from afar with a +0 spear!
* * * LOW HITPOINT WARNING * * *
You are too injured to fight recklessly!
The gnoll hits you from afar with a +0 halberd.
* * * LOW HITPOINT WARNING * * *
The gnoll hits you from afar with a +1 vampiric spear.
* * * LOW HITPOINT WARNING * * *
You see here a +0 ring mail.
You feel better.
The gnoll sergeant hits you from afar with a +0 spear!
* * * LOW HITPOINT WARNING * * *
The gnoll barely misses you.
You feel better.
The gnoll hits you from afar with a +1 vampiric spear.
* * * LOW HITPOINT WARNING * * *
The gnoll sergeant hits you from afar with a +0 spear.
* * * LOW HITPOINT WARNING * * *
You aren't carrying any items that you can evoke.
As you read the scroll of fog, it crumbles to dust.
The scroll dissolves into smoke.
The gnoll hits you from afar with a +1 vampiric spear!
You die...

Skill      XL: |  1  2  3 |
---------------+----------+-----
Long Blades    | 3 4 |  4.0
Shields        | 4 |  4.3
Fighting       | |  3.6
Armour         | |  3.6

Action                     |  1- 3 |  4- 6 || total
---------------------------+-------+-------++-------
  Melee: Long sword        |   168 |     2 ||   170
    Use: Scroll            |       |     5 ||     5
         Potion            |       |     3 ||     3
 Armour: Scale mail        |    87 |     1 ||    88
  Dodge: Dodged            |    92 |     2 ||    94
  Block: Buckler           |    28 |       ||    28

Levels and vault maps discovered:
D:1:      beargit_arrival_greenhouse, layout_rooms, minmay_vboxes
D:2:      layout_basic, minmay_box_of_dots
D:3:      layout_loops_ring
D:5:      layout_rooms, uniq_eustachio

Notes
Turn   | Place    | Note
-------+----------+-------------------------------------------
     0 | D:1      | demibob the Barachi Fighter began the quest for the Orb.
     0 | D:1      | Reached XP level 1. HP: 18/18 MP: 1/1
    52 | D:1      | Reached XP level 2. HP: 10/24 MP: 2/2
    54 | D:1      | Reached skill level 3 in Long Blades
   404 | D:1      | Reached XP level 3. HP: 29/29 MP: 3/3
   697 | D:2      | Reached skill level 4 in Shields
  1017 | D:2      | Identified the +3 mace of Tumult {freeze, Drain Str-4 Int+9
                  | Stlth+}
  1170 | D:2      | Reached skill level 4 in Long Blades
  1170 | D:2      | Reached XP level 4. HP: 33/36 MP: 4/4
  1350 | D:3      | You fall into a shaft and drop 2 floors!
  1350 | D:5      | Entered Level 5 of the Dungeon
  1358 | D:5      | Noticed a gnoll sergeant
  1366 | D:5      | HP: 3/36 [gnoll/+1 vampiric spear[a gnoll sergeant] (2)]
  1371 | D:5      | Slain by a gnoll

Vanquished Creatures
  An adder (D:2)
  2 worms (D:2)
  4 endoplasms
  7 giant cockroaches
  A goblin (D:1)
  5 hobgoblins
  2 kobolds
  A quokka (D:2)
  3 ball pythons (D:1)
  6 bats
  5 frilled lizards (D:1)
  4 rats
41 creatures vanquished.

Table legend: (Time is in decaauts)
 A = Elapsed time spent in this place.
 B = Non-inter-level travel time spent in this place.
 C = Inter-level travel time spent in this place.
 D = Time resting spent in this place.
 E = Time spent auto-exploring this place.
 F = Levels seen in this place.
 G = Mean time per level.
                   A        B        C        D        E       F      G
               +--------+--------+--------+--------+--------+-----+--------+
         Total |   1605 |   1551 |     54 |      2 |   1134 |   4 |  401.2 |
       Dungeon |   1605 |   1551 |     54 |      2 |   1134 |   4 |  401.2 |
               +--------+--------+--------+--------+--------+-----+--------+

Top non-repeatable levels by time:
     D:1: 816 daAuts
     D:2: 765 daAuts
     D:5: 24 daAuts

Table legend:
 A = Non-vault XP
 B = Vault XP
 C = Vault XP percentage of total XP
 D = Non-vault monster count
 E = Vault monster count
 F = Vault count percentage of total count
                 A         B        C        D         E       F
            +---------+---------+-------+---------+---------+-------
      Total |      70 |      13 |  15.7 |      32 |       9 |  22.0
            +---------+---------+-------+---------+---------+-------
        D:1 |      27 |      10 |  27.0 |      17 |       6 |  26.1
        D:2 |      43 |       3 |   6.5 |      15 |       3 |  16.7
            +---------+---------+-------+---------+---------+-------
